 Dungeon Crawl Stone Soup version 0.32-a0-433-g08bcfe7efd (webtiles) character file.

Game seed: 9529862543163856803

47 Sobieck the Shooter (level 3, -1/27 HPs)
             Began as a Coglin Hunter on Feb 22, 2024.
             Slain by a ball python (3 damage)
             ... on level 2 of the Dungeon.
             The game lasted 00:01:02 (793 turns).

Sobieck the Shooter (Coglin Hunter)                  Turns: 793, Time: 00:01:02

Health: -1/27      AC:  3    Str: 11    XL:     3   Next: 70%
Magic:  3/3        EV:  9    Int:  8    God:
Gold:   69         SH:  0    Dex: 19    Spells: 2/2 levels left

rFire   . . .        a - +0 shortbow {Luis}
rCold   . . .        (shield currently unavailable)
rNeg    . . .        c - +0 leather armour
rPois   .            (no helmet)
rElec   .            (no cloak)
rCorr   .            (no gloves)
SInv    .            (no boots)
Will    .....        (no amulet)
Stlth   ++           (no ring)
HPRegen 0.24/turn    (no ring)
MPRegen 0.08/turn

%: no passive effects
@: immotile, constricted, revving
A: off-hand wielding, slow wielding, warmup strikes, legs shutdown
a: no special abilities


You were on level 2 of the Dungeon.
You visited 1 branch of the dungeon, and saw 2 of its levels.

You collected 69 gold pieces.

Inventory:

Hand Weapons
 a - a +0 shortbow (weapon) {Luis}
Armour
 c - a +0 leather armour (worn)
Magical Staves
 e - a staff of alchemy
 g - a staff of conjuration
Scrolls
 b - a scroll of butterflies
 d - 2 scrolls of identify {unknown}
 f - 2 scrolls of enchant weapon {unknown}
 h - a scroll of blinking {unknown}
 i - a scroll of teleportation {unknown}
 j - a scroll of enchant armour {unknown}


   Skills:
 - Level 2.0 Fighting
 + Level 4.8 Ranged Weapons
 - Level 1.7 Dodging
 - Level 0.7 Stealth


You had 2 spell levels left.
You didn't know any spells.
Your spell library was empty.

Dungeon Overview and Level Annotations

Branches:
Dungeon (2/15)

Altars:

Annotations:
D:2 Sigmund


Innate Abilities, Weirdness & Mutations

You can wield a second weapon in your off-hand.
It takes a long time for you to wield or remove held weapons.
Your first few attacks do less damage.
Attacking and casting redirects power from your legs.


Message History

The orc hits you with a +0 mace.
You shoot an arrow. The orc shouts!
The arrow hits the orc.
You kill the orc!
You shoot an arrow.
You hear some strange, mumbled words.
A magic dart appears from out of thin air!
The magic dart hits you.
The orc throws a boomerang.
The boomerang hits you.
You shoot an arrow. Something hits you but does no damage.
You shoot an arrow. The arrow hits the orc!
You kill the orc!
Something hits you.
* * * LOW HITPOINT WARNING * * *
You are too injured to fight recklessly!
You are too injured to fight recklessly!
You are too injured to fight recklessly!
You are too injured to fight recklessly!
Unknown command.
You shoot an arrow. Something hits you but does no damage.
You shoot an arrow.
The ball python bites you but does no damage.
The ball python grabs you. The ball python constricts you.
* * * LOW HITPOINT WARNING * * *
Something hits you but does no damage.
The ball python bites you but does no damage.
The ball python constricts you. Something hits you.
* * * LOW HITPOINT WARNING * * *
You shoot an arrow.
The ball python bites you but does no damage.
The ball python constricts you.
* * * LOW HITPOINT WARNING * * *
Something hits you.
* * * LOW HITPOINT WARNING * * *
You shoot an arrow. The ball python bites you.
* * * LOW HITPOINT WARNING * * *
The ball python constricts you.
* * * LOW HITPOINT WARNING * * *
You hear some strange, mumbled words.
A puff of flame appears from out of thin air!
The puff of flame hits you.
* * * LOW HITPOINT WARNING * * *
You shoot an arrow. The ball python barely misses you.
The ball python constricts you.
* * * LOW HITPOINT WARNING * * *
You hear some strange, mumbled words.
Something tries to affect you, but you resist.
The ball python barely misses you. The ball python constricts you.
You shoot an arrow. The ball python bites you.
You die...

####.......####
#..........#
###........ß.#
#............#
#.<.###...####
#...# #.⌠.#
.#######...#
....olS#...#
#{@...# #######


You could see an orc, a ball python and a frilled lizard.

Vanquished Creatures
  An adder (D:1)
  A dart slug (D:1)
  2 orcs (D:2)
  3 bats (D:1)
  4 endoplasms
  3 giant cockroaches (D:1)
  2 goblins (D:1)
  2 hobgoblins (D:1)
  2 jackals (D:1)
  2 quokkas (D:1)
  A ball python (D:1)
  A frilled lizard (D:1)
  A kobold (D:2)
  5 rats (D:1)
30 creatures vanquished.

Notes
Turn   | Place    | Note
-------+----------+-------------------------------------------
     0 | D:1      | Sobieck the Coglin Hunter began the quest for the Orb.
     0 | D:1      | Reached XP level 1. HP: 16/16 MP: 1/1
   109 | D:1      | Reached skill level 4 in Ranged Weapons
   109 | D:1      | Reached XP level 2. HP: 22/22 MP: 2/2
   396 | D:1      | Reached XP level 3. HP: 27/27 MP: 3/3
   699 | D:2      | Noticed Sigmund
   793 | D:2      | Slain by a ball python

Illustrated notes

Levels and vault maps discovered:
D:1:      arrival_zaba_pyramid, layout_basic
D:2:      layout_rooms, nicolae_elevator_lobby_asterisk, uniq_sigmund

Skill      XL: |  1 |
---------------+----+-----
Ranged Weapons | 4 |  4.8
Fighting       | |  2.0
Dodging        | |  1.7
Stealth        | |  0.7

Action                     || total
---------------------------++-------
   Fire: Shortbow          ||    88
 Armour: Leather armour    ||    29
  Dodge: Dodged            ||    22

Table legend: (Time is in decaauts)
 A = Elapsed time spent in this place.
 B = Non-inter-level travel time spent in this place.
 C = Inter-level travel time spent in this place.
 D = Time resting spent in this place.
 E = Time spent auto-exploring this place.
 F = Levels seen in this place.
 G = Mean time per level.
                   A        B        C        D        E       F      G
               +--------+--------+--------+--------+--------+-----+--------+
         Total |    813 |    762 |     51 |      0 |    607 |   2 |  406.5 |
       Dungeon |    813 |    762 |     51 |      0 |    607 |   2 |  406.5 |
               +--------+--------+--------+--------+--------+-----+--------+

Top non-repeatable levels by time:
     D:1: 760 daAuts
     D:2: 52 daAuts
